[Event "ICC tourney 3138 (40 10)"]
[Site "Internet Chess Club"]
[Date "2023.03.04"]
[Round "2"]
[White "DIXIT, RAAJAS KUNAL:raadix028"]
[Black "VUYYURU, SHRIYAN:loudcertainlava"]
[Result "1/2-1/2"]
[ICCResult "Game drawn by repetition"]
[WhiteElo "1265"]
[BlackElo "1421"]
[Opening "French: Winawer, advance, Bogolyubov variation"]
[ECO "C17"]
[NIC "FR.10"]
[Time "13:15:21"]
[PlyCount "130"]
[TimeControl "2400+10"]

1. e4 e6 2. d4 d5 3. Nc3 Bb4 4. e5 c5 5. Bd2 cxd4 6. Nb5 Be7 7. Nxd4 Nc6 8.
Nxc6 bxc6 9. Nf3 Bd7 10. Bd3 Bc5 11. c4 Qb6 12. Qe2 Qxb2 13. O-O Qb8 14.
Rab1 Qd8 15. Rfc1 Bb6 16. Bb4 Ne7 17. Bd6 Bc7 18. c5 O-O 19. Qc2 h6 20. Rb7
Bxd6 21. cxd6 Nc8 22. Nd4 Nb6 23. Nxc6 Bxc6 24. Qxc6 Rc8 25. Rc7 Rxc7 26.
dxc7 Qe8 27. Qxe8 Rxe8 28. Bb5 Rf8 29. Kf1 f6 30. exf6 gxf6 31. Ke2 Kf7 32.
Kd3 Ke7 33. Kd4 Rg8 34. g3 Nc8 35. Rc3 Nd6 36. Ba6 Kd7 37. f3 h5 38. a4 Rh8
39. Rc2 h4 40. g4 Rf8 41. h3 Rg8 42. f4 Rf8 43. a5 Ra8 44. Rc1 Rf8 45. Rc2
Rg8 46. Rc1 Rf8 47. Rc2 Rh8 48. Rc1 Rg8 49. Rc2 Rf8 50. Rc1 Rg8 51. Rc2 Rf8
52. Rc1 Rh8 53. Rc2 Rf8 54. Rc1 Rg8 55. Rc2 Rf8 56. Rc1 Rh8 57. Rc2 Rf8 58.
Rc1 Rh8 59. Rc2 Rf8 60. Rc1 Rh8 61. Rc2 Rg8 62. Rc1 Rf8 63. Rc2 Rg8 64. Rc1
Rf8 65. Rc2 Rg8 {Game drawn by repetition} 1/2-1/2

[Event "ICC tourney 3138 (40 10)"]
[Site "Internet Chess Club"]
[Date "2023.03.04"]
[Round "2"]
[White "STONE, GILBERT L:tightfist"]
[Black "Schwartz, Douglas S:Douglas1"]
[Result "0-1"]
[ICCResult "White checkmated"]
[WhiteElo "1200"]
[BlackElo "1397"]
[Opening "Queen's Indian: 4.Nc3"]
[ECO "E12"]
[NIC "QP.11"]
[Time "13:16:02"]
[PlyCount "158"]
[TimeControl "2400+10"]

1. Nf3 Nf6 2. c4 e6 3. Nc3 b6 4. d4 Bb7 5. e3 Nc6 6. Be2 Be7 7. O-O O-O 8.
e4 d6 9. a3 Re8 10. Bf4 Nb8 11. Bd3 c5 12. d5 e5 13. Bd2 Bc8 14. h3 Bd7 15.
b4 Na6 16. b5 Nc7 17. a4 a5 18. Ne2 Qc8 19. Kh2 Rf8 20. Ng3 Nce8 21. Re1 h6
22. Nf5 Bxf5 23. exf5 Nh7 24. Qc2 Nef6 25. g4 Qd8 26. Rg1 Re8 27. g5 hxg5
28. Nxg5 Nxg5 29. Bxg5 Nh7 30. Bxe7 Qxe7 31. Be4 Ra7 32. Qe2 f6 33. Rg4 Rd8
34. Rag1 Qe8 35. h4 Rdd7 36. Rg6 Re7 37. Qh5 Kh8 38. Qg4 Qf8 39. h5 Kg8 40.
h6 Kh8 41. hxg7+ Rxg7 42. Qh4 Kg8 43. Rh6 Rxg1 44. Kxg1 Rg7+ 45. Rg6 Rxg6+
46. fxg6 Ng5 47. Qg4 Nxe4 48. Qxe4 Qh6 49. Kf1 Kg7 50. Qd3 Qxg6 51. Qxg6+
Kxg6 52. Kg2 Kf5 53. Kf3 e4+ 54. Ke3 Ke5 55. Ke2 Kd4 56. Kd2 Kxc4 57. Ke3
Kxd5 58. f3 exf3 59. Kxf3 Kd4 60. Kf2 Kc3 61. Ke3 Kb2 62. Kd2 c4 63. Kd1 c3
64. Ke2 c2 65. Kd3 c1=Q 66. Kd4 Qc5+ 67. Ke4 Kc3 68. Kf4 Qd5 69. Ke3 Qc4 70.
Kf3 Qd4 71. Kg3 Qe4 72. Kf2 Qd3 73. Kg2 Qe3 74. Kf1 Qd2 75. Kg1 Qe2 76. Kh1
Kd3 77. Kg1 Ke3 78. Kh1 Kf3 79. Kg1 Qg2# {White checkmated} 0-1

[Event "ICC tourney 3138 (40 10)"]
[Site "Internet Chess Club"]
[Date "2023.03.04"]
[Round "3"]
[White "Schwartz, Douglas S:Douglas1"]
[Black "GARROW, JOSHUA:jgarrow4924"]
[Result "1-0"]
[ICCResult "Black resigns"]
[WhiteElo "1397"]
[BlackElo "1079"]
[Opening "Sicilian defense"]
[ECO "B33"]
[NIC "SI.34"]
[Time "15:30:06"]
[PlyCount "21"]
[TimeControl "2400+10"]

1. e4 c5 2. Nf3 Nc6 3. d4 cxd4 4. Nxd4 Nf6 5. Nc3 e6 6. Be3 Bb4 7. Nxc6 bxc6
8. Bd2 d5 9. e5 Nd7 10. Qg4 g6 11. Qxb4 {Black resigns} 1-0

[Event "ICC tourney 3138 (40 10)"]
[Site "Internet Chess Club"]
[Date "2023.03.04"]
[Round "3"]
[White "SIMO, AARON L:WhereBklnAt"]
[Black "KRISHNAN, SHREYAS:K01-30058648"]
[Result "0-1"]
[ICCResult "White checkmated"]
[WhiteElo "1496"]
[BlackElo "1127"]
[Opening "Giuoco Piano: four knights variation"]
[ECO "C28"]
[NIC "VG.04"]
[Time "15:30:50"]
[PlyCount "56"]
[TimeControl "2400+10"]

1. e4 e5 2. Nc3 Nc6 3. Bc4 Nf6 4. Nf3 Bc5 5. O-O d6 6. h3 h6 7. a3 O-O 8. b4
Bb6 9. Qe2 Be6 10. Nd5 Nd4 11. Nxd4 Bxd4 12. c3 Bb6 13. a4 a5 14. Nxb6 cxb6
15. Ba3 Bxc4 16. Qxc4 Nh5 17. bxa5 bxa5 18. Qd5 Nf4 19. Qxd6 Qg5 20. g3
Nxh3+ 21. Kh2 Qh5 22. Rh1 Nxf2+ 23. Kg2 Nxh1 24. Rxh1 Qe2+ 25. Kh3 Rfd8 26.
Qxe5 Rxd2 27. Rc1 g5 28. g4 Qg2# {White checkmated} 0-1

[Event "ICC tourney 3138 (40 10)"]
[Site "Internet Chess Club"]
[Date "2023.03.04"]
[Round "3"]
[White "Krishnan, Ashvath:ashvathk5"]
[Black "Ledas, Armandas:ArmandasLedas"]
[Result "0-1"]
[ICCResult "White checkmated"]
[WhiteElo "1393"]
[BlackElo "1479"]
[Opening "French: advance variation"]
[ECO "C02"]
[NIC "FR.03"]
[Time "15:30:10"]
[PlyCount "98"]
[TimeControl "2400+10"]

1. e4 e6 2. d4 d5 3. e5 Bd7 4. Nf3 a6 5. Bd3 Bb5 6. Bxb5+ axb5 7. O-O Nd7 8.
Qd3 c6 9. c3 h6 10. Bf4 Ne7 11. Nbd2 Nf5 12. Rfe1 Be7 13. Nf1 Nb6 14. b3 g5
15. Bg3 h5 16. h3 g4 17. N3h2 gxh3 18. gxh3 Rg8 19. Kh1 Bh4 20. Qf3 Qg5 21.
Qf4 Qxf4 22. Bxf4 Bxf2 23. Ne3 Nxe3 24. Bxe3 Bxe1 25. Rxe1 Rxa2 26. Rg1
Rxg1+ 27. Kxg1 Ra3 28. Bd2 Rxb3 29. Kf2 Nc4 30. Be1 Rb2+ 31. Kg1 Ne3 32. Bh4
Rg2+ 33. Kh1 Rc2 34. Nf3 Rxc3 35. Ng5 Rc1+ 36. Kh2 b4 37. Nh7 b3 38. Bg5
Rc2+ 39. Kg3 Nf1+ 40. Kf3 b2 41. Nf6+ Kd8 42. Nxd5+ Kc8 43. Nb6+ Kc7 44.
Na8+ Kb8 45. Nb6 b1=Q 46. Nd7+ Kc7 47. Nc5 Qd1+ 48. Ke4 Qe2+ 49. Kf4 Qe3#
{White checkmated}
0-1

[Event "ICC tourney 3138 (40 10)"]
[Site "Internet Chess Club"]
[Date "2023.03.04"]
[Round "3"]
[White "Yan, Rayna:K01-30157975"]
[Black "Jani, Parv:parvjani17"]
[Result "0-1"]
[ICCResult "White resigns"]
[WhiteElo "1032"]
[BlackElo "1339"]
[Opening "Pirc defense"]
[ECO "B07"]
[NIC "PU.07"]
[Time "15:30:06"]
[PlyCount "134"]
[TimeControl "2400+10"]

1. e4 d6 2. d4 Nf6 3. Nc3 g6 4. Nge2 Bg7 5. f3 c6 6. Be3 b5 7. Qd2 b4 8. Nd1
a5 9. Nf2 Nbd7 10. Bh6 Bxh6 11. Qxh6 Nb6 12. O-O-O Be6 13. e5 Nfd5 14. Qg7
Rf8 15. Qxh7 Ne3 16. Rd3 Nf5 17. g4 Bc4 18. gxf5 Bxd3 19. Nxd3 gxf5 20. Qxf5
e6 21. Qf6 Qxf6 22. exf6 Nd5 23. h4 Rh8 24. h5 Nxf6 25. h6 Ng8 26. Nf2 Rxh6
27. Rxh6 Nxh6 28. Ne4 Ke7 29. c3 Nf5 30. Kd2 Rb8 31. N2g3 Nh4 32. f4 f5 33.
Nf2 bxc3+ 34. Kxc3 Ng6 35. Nd3 Nf8 36. Bg2 Nd7 37. Kd2 Rg8 38. Nxf5+ exf5
39. Bxc6 Nf6 40. Nc1 Ne4+ 41. Ke3 Rc8 42. Bxe4 fxe4 43. Nb3 a4 44. Nd2 d5
45. b3 Rc2 46. bxa4 Rxa2 47. Nf1 Rxa4 48. Ng3 Ra3+ 49. Kf2 Rf3+ 50. Kg2 Rxf4
51. Ne2 Rf3 52. Kg1 Kd6 53. Kg2 Kc6 54. Kg1 Kb5 55. Kg2 Kc4 56. Kg1 Kd3 57.
Nc1+ Kxd4 58. Ne2+ Ke3 59. Nc3 d4 60. Nd5+ Kd2 61. Nb6 e3 62. Nc4+ Kc3 63.
Nb6 e2 64. Na4+ Kd2 65. Kg2 Rf8 66. Nb2 e1=Q 67. Nc4+ Kc3 {White resigns}
0-1

[Event "ICC tourney 3138 (40 10)"]
[Site "Internet Chess Club"]
[Date "2023.03.04"]
[Round "3"]
[White "ENGTRO, GEIR:Gengeng"]
[Black "John Francis Kennedy, Kevin Andrew:KevinAndrewJFK"]
[Result "0-1"]
[ICCResult "White checkmated"]
[WhiteElo "894"]
[BlackElo "970"]
[Opening "QGD Slav: 4.Nc3"]
[ECO "D15"]
[NIC "SL.03"]
[Time "15:30:50"]
[PlyCount "92"]
[TimeControl "2400+10"]

1. d4 d5 2. c4 c6 3. Nc3 Nf6 4. Nf3 Bg4 5. Bg5 e6 6. e4 dxe4 7. Nxe4 Be7 8.
Nxf6+ Bxf6 9. Bxf6 Qxf6 10. Be2 Nd7 11. O-O O-O 12. h3 Bh5 13. Re1 Nb6 14.
b3 Rad8 15. g4 Bg6 16. Ne5 c5 17. Nxg6 fxg6 18. Rf1 Rxd4 19. Qc1 Qh4 20. Kg2
Rdf4 21. f3 R8f6 22. Qe3 g5 23. Rad1 Rh6 24. Rh1 Rhf6 25. Qxc5 Rf8 26. Qc7
R4f7 27. Qg3 Qh6 28. Rd6 Qf6 29. Rhd1 h6 30. Rf1 Nc8 31. Rd2 Nb6 32. Rfd1
Qe7 33. Qd6 Qf6 34. Rf1 Qc3 35. Qd3 Qb4 36. Qc2 Nd7 37. Rfd1 Ne5 38. Rf1 Qc5
39. Qe4 Rf4 40. Qxb7 Qe3 41. Rc2 R8f7 42. Qb4 Nxf3 43. Qc3 Nh4+ 44. Kh2 Rf2+
45. Kg1 Rxf1+ 46. Kh2 R7f2# {White checkmated} 0-1

[Event "ICC tourney 3138 (40 10)"]
[Site "Internet Chess Club"]
[Date "2023.03.04"]
[Round "3"]
[White "Raczko, Olivia:olivia1407"]
[Black "KINKUS, SAM E:Grandslam34"]
[Result "1/2-1/2"]
[ICCResult "White stalemated"]
[WhiteElo "649"]
[BlackElo "744"]
[Opening "Scandinavian (center counter) defense"]
[ECO "B01"]
[NIC "SD.01"]
[Time "15:30:17"]
[PlyCount "152"]
[TimeControl "2400+10"]

1. e4 d5 2. exd5 Qxd5 3. Nc3 Qa5 4. Nf3 Nf6 5. Bc4 c6 6. d3 Bf5 7. Be3 e6 8.
O-O Nbd7 9. a3 Bg4 10. h3 Bxf3 11. Qxf3 Ne5 12. Qe2 Nxc4 13. dxc4 Qe5 14.
Rab1 Bd6 15. f4 Qh5 16. Qxh5 Nxh5 17. Ne4 Be7 18. Rbd1 Rd8 19. Rxd8+ Bxd8
20. Bxa7 O-O 21. Bf2 Nxf4 22. Nd6 Ne2+ 23. Kh2 Bc7 24. Rd1 Rd8 25. Bc5 b6
26. Bb4 c5 27. Be1 Rxd6 28. Rxd6 Bxd6+ 29. Kh1 Ng3+ 30. Kg1 Ne2+ 31. Kh1 Kf8
32. c3 Ke8 33. Bh4 Kd7 34. Bf2 Kc6 35. a4 Nc1 36. Bh4 Nb3 37. Bf2 Na5 38. b3
Nxb3 39. Kg1 Na5 40. Bg3 Nxc4 41. Bxd6 Kxd6 42. Kf2 Kc6 43. Ke2 b5 44. axb5+
Kxb5 45. Kd3 h5 46. Ke4 e5 47. g3 Kc6 48. h4 Nd2+ 49. Kxe5 Nf3+ 50. Kf5 Kd7
51. Ke4 Nd2+ 52. Kf4 Nb1 53. c4 Kd6 54. Ke3 Ke5 55. Kd3 f6 56. Ke3 Na3 57.
Kd3 g5 58. hxg5 fxg5 59. Ke3 Nxc4+ 60. Kf3 g4+ 61. Kg2 Kd4 62. Kf2 Kd3 63.
Kg2 Nb2 64. Kf2 c4 65. Ke1 c3 66. Kf2 c2 67. Kg2 c1=Q 68. Kh2 Nc4 69. Kg2
Nd6 70. Kh2 Nf5 71. Kg2 Nxg3 72. Kxg3 Qe3+ 73. Kg2 Kd4 74. Kh2 h4 75. Kh1
Qh3+ 76. Kg1 Ke3 {White stalemated} 1/2-1/2

[Event "ICC tourney 3138 (40 10)"]
[Site "Internet Chess Club"]
[Date "2023.03.04"]
[Round "3"]
[White "GAW, ZACHARY:zman-g"]
[Black "STONE, GILBERT L:tightfist"]
[Result "0-1"]
[ICCResult "White checkmated"]
[WhiteElo "972"]
[BlackElo "1200"]
[Opening "French: exchange variation"]
[ECO "C01"]
[NIC "FR.01"]
[Time "15:30:09"]
[PlyCount "96"]
[TimeControl "2400+10"]

1. e4 e6 2. d4 d5 3. exd5 exd5 4. Qe2+ Be7 5. Nf3 Nf6 6. Nc3 O-O 7. Qd1 Re8
8. Be2 Bg4 9. O-O c6 10. h3 Bh5 11. Ne5 Bxe2 12. Qxe2 Bb4 13. Bd2 Nbd7 14.
Rfe1 Bxc3 15. Bxc3 Ne4 16. Qf3 Nxe5 17. dxe5 Qg5 18. Qe3 Qf5 19. Rad1 Re6
20. f3 Nxc3 21. Qxc3 Rae8 22. Qd4 Rxe5 23. Rxe5 Qxe5 24. Qxe5 Rxe5 25. Kf2
f5 26. Rd3 f4 27. Ra3 a6 28. Rb3 Re7 29. Rb4 g5 30. Rb6 Kf7 31. g3 fxg3+ 32.
Kxg3 Kg6 33. Kg4 h5+ 34. Kg3 Kf5 35. Kf2 d4 36. Rb3 c5 37. Rd3 Kf4 38. c3
Re3 39. Rxe3 dxe3+ 40. Ke2 c4 41. b3 cxb3 42. axb3 b6 43. c4 a5 44. Ke1 Kxf3
45. Kf1 g4 46. h4 g3 47. Kg1 e2 48. Kh1 e1=Q# {White checkmated} 0-1

[Event "ICC tourney 3138 (40 10)"]
[Site "Internet Chess Club"]
[Date "2023.03.04"]
[Round "3"]
[White "Li, Marissa:meichen"]
[Black "DIXIT, RAAJAS KUNAL:raadix028"]
[Result "0-1"]
[ICCResult "White checkmated"]
[WhiteElo "932"]
[BlackElo "1265"]
[Opening "Sicilian: dragon, Yugoslav attack, 7...O-O"]
[ECO "B76"]
[NIC "SI.17"]
[Time "15:30:16"]
[PlyCount "48"]
[TimeControl "2400+10"]

1. e4 c5 2. Nf3 d6 3. d4 cxd4 4. Nxd4 Nf6 5. Nc3 g6 6. f3 Bg7 7. Be3 O-O 8.
Qd2 Nc6 9. Nxc6 bxc6 10. Bh6 Rb8 11. Bxg7 Kxg7 12. O-O-O Be6 13. h4 Qb6 14.
b3 Rfd8 15. g4 d5 16. h5 dxe4 17. Qf4 exf3 18. hxg6 Rxd1+ 19. Kxd1 Rd8+ 20.
Kc1 Qd4 21. Qh6+ Kh8 22. g5 Qxc3 23. g7+ Kg8 24. gxf6 Qa1# {White
checkmated} 0-1

[Event "ICC tourney 3138 (40 10)"]
[Site "Internet Chess Club"]
[Date "2023.03.04"]
[Round "3"]
[White "VUYYURU, SHRIYAN:loudcertainlava"]
[Black "HAMLETT, JAMES MORRISON:Hamlett144"]
[Result "1-0"]
[ICCResult "Black resigns"]
[WhiteElo "1421"]
[BlackElo "1200"]
[Opening "Trompowsky attack (Ruth, Opocenský opening)"]
[ECO "A45"]
[NIC "QP.07"]
[Time "15:30:50"]
[PlyCount "123"]
[TimeControl "2400+10"]

1. d4 Nf6 2. Bg5 h6 3. Bh4 d5 4. e3 Bf5 5. Nf3 Nbd7 6. Nc3 c6 7. h3 Ne4 8.
Nxe4 Bxe4 9. Bg3 e6 10. Be2 Nf6 11. O-O Nh5 12. Bh2 Nf6 13. c3 Bxf3 14. Bxf3
Bd6 15. Bxd6 Qxd6 16. Re1 O-O 17. Qc2 Rfe8 18. e4 dxe4 19. Bxe4 Qf4 20. Bf3
Nd5 21. Qb3 Qc7 22. Bxd5 exd5 23. Qc2 Qf4 24. Qc1 Qf6 25. Qd2 Re6 26. Rxe6
fxe6 27. Re1 Re8 28. Re5 c5 29. Qe3 c4 30. Rxd5 exd5 31. Qxe8+ Kh7 32. Qe2
Qf4 33. Qc2+ Kg8 34. g3 Qf3 35. b3 b5 36. bxc4 bxc4 37. Qb2 a5 38. Qa3 Qd1+
39. Kg2 a4 40. Qd6 Qh5 41. g4 Qg5 42. f4 Qh4 43. Qxd5+ Kh7 44. Qe4+ Kg8 45.
Qe2 Qf6 46. Qxc4+ Kh8 47. Kf3 g5 48. f5 Qd6 49. d5 Qh2 50. Qc8+ Kh7 51. Qd7+
Kh8 52. Qe8+ Kh7 53. Qg6+ Kh8 54. Qxh6+ Kg8 55. Qxg5+ Kh8 56. Qh4+ Kg8 57.
f6 Qh1+ 58. Kf4 Qc1+ 59. Kf5 Qc2+ 60. Kg5 Qd2+ 61. Kh5 Kh7 62. Qg5
{Black resigns}
1-0

[Event "ICC tourney 3138 (40 10)"]
[Site "Internet Chess Club"]
[Date "2023.03.04"]
[Round "3"]
[White "ASKEW, GEORGE:BlueStorm"]
[Black "GAW, CHRISTIAN:cman-g"]
[Result "1/2-1/2"]
[ICCResult "Game drawn because neither player has mating material"]
[WhiteElo "1322"]
[BlackElo "992"]
[Opening "Queen's pawn game"]
[ECO "D05"]
[NIC "QP.08"]
[Time "15:30:12"]
[PlyCount "103"]
[TimeControl "2400+10"]

1. d4 d5 2. Nf3 Nf6 3. e3 e6 4. Bd3 Bd6 5. Nbd2 Nbd7 6. O-O O-O 7. Re1 e5 8.
dxe5 Nxe5 9. Nxe5 Bxe5 10. Nf3 Bd6 11. b3 Bg4 12. h3 Bh5 13. Bb2 Bg6 14. Qe2
Bxd3 15. cxd3 c5 16. Rac1 Re8 17. d4 cxd4 18. Nxd4 Be5 19. Nf3 Bxb2 20. Qxb2
Rc8 21. Nd4 Re7 22. Rxc8 Qxc8 23. Rc1 Rc7 24. Rxc7 Qxc7 25. Qc2 Qxc2 26.
Nxc2 Kf8 27. f3 Ke7 28. Kf2 Kd6 29. Nd4 Kc5 30. a3 g6 31. Ke2 b5 32. Kd3 b4
33. axb4+ Kxb4 34. Nc6+ Kxb3 35. Nxa7 Kb4 36. Nc6+ Kc5 37. Ne5 Kd6 38. Nxf7+
Ke6 39. Ng5+ Kf5 40. h4 h6 41. g4+ Nxg4 42. fxg4+ Kxg4 43. Nf7 Kxh4 44. Nxh6
Kg5 45. Nf7+ Kf6 46. Nd6 Ke6 47. Nb5 Ke5 48. Ke2 g5 49. Kf3 g4+ 50. Kxg4 Ke4
51. Nc3+ Kxe3 52. Nxd5+ {Game drawn because neither player has mating
material} 1/2-1/2

[Event "ICC tourney 3138 (40 10)"]
[Site "Internet Chess Club"]
[Date "2023.03.04"]
[Round "3"]
[White "STINSON, RUSSELL:rcstinson"]
[Black "BLACK, JACOB L:YashaLB"]
[Result "1-0"]
[ICCResult "Black checkmated"]
[WhiteElo "1362"]
[BlackElo "1019"]
[Opening "Nimzovich-Larsen attack: classical variation"]
[ECO "A01"]
[NIC "VO.08"]
[Time "15:30:09"]
[PlyCount "103"]
[TimeControl "2400+10"]

1. b3 d5 2. Bb2 c5 3. e3 Nc6 4. f4 Nf6 5. Nf3 Bg4 6. Bb5 Qc7 7. h3 Bxf3 8.
Qxf3 e6 9. d3 a6 10. Bxc6+ Qxc6 11. Nd2 Be7 12. O-O-O b5 13. g4 Rg8 14. g5
Nd7 15. Qh5 Nf8 16. Nf3 Bd6 17. Ne5 Bxe5 18. Bxe5 c4 19. dxc4 bxc4 20. e4
cxb3 21. axb3 Rc8 22. Rh2 Qc5 23. exd5 exd5 24. Bd4 Qa3+ 25. Bb2 Qd6 26.
Re2+ Ne6 27. Qxh7 Kd7 28. Rxd5 Qxd5 29. Rd2 Qxd2+ 30. Kxd2 Ke7 31. Qe4 Rgd8+
32. Kc1 Kf8 33. Qh7 Rc7 34. Bxg7+ Nxg7 35. Qh8+ Ke7 36. Qxg7 Rdc8 37. Qf6+
Kf8 38. Qf5 Rc5 39. Qe4 Re8 40. Qb4 Rc8 41. h4 Kg8 42. Qd2 Rc3 43. Kb2 Rh3
44. Qd7 Rhc3 45. Qf5 R3c5 46. Qd3 a5 47. h5 a4 48. h6 a3+ 49. Kxa3 Rxc2 50.
Qe4 R8c7 51. Qd4 Rc8 52. Qg7# {Black checkmated} 1-0

[Event "ICC tourney 3138 (40 10)"]
[Site "Internet Chess Club"]
[Date "2023.03.04"]
[Round "4"]
[White "BLACK, JACOB L:YashaLB"]
[Black "Bolme, Thomas Bradley:ThomasBradley75"]
[Result "1-0"]
[ICCResult "Black checkmated"]
[WhiteElo "1019"]
[BlackElo "632"]
[Opening "Caro-Kann: exchange variation"]
[ECO "B13"]
[NIC "CK.02"]
[Time "17:45:13"]
[PlyCount "67"]
[TimeControl "2400+10"]

1. e4 c6 2. d4 d5 3. exd5 cxd5 4. Nf3 Nf6 5. Bd3 Bg4 6. c3 Nc6 7. Nbd2 e6 8.
Qb3 Bd6 9. Qxb7 Qd7 10. Qxa8+ Bb8 11. Bb5 O-O 12. Qxc6 Qxc6 13. Bxc6 a5 14.
Nb3 Bc7 15. O-O Ne4 16. Nbd2 Nxd2 17. Bxd2 Rd8 18. Ne5 f6 19. Nxg4 e5 20.
dxe5 fxe5 21. Be3 Rd6 22. Nxe5 Rf6 23. Bxd5+ Kf8 24. Nd7+ Ke7 25. Nxf6 Kxf6
26. Bd4+ Be5 27. Bxe5+ Kxe5 28. Rfe1+ Kxd5 29. Rad1+ Kc5 30. Re8 Kc4 31. Rd7
g5 32. Rc8+ Kb5 33. Rb7+ Ka4 34. Rc4# {Black checkmated} 1-0

[Event "ICC tourney 3138 (40 10)"]
[Site "Internet Chess Club"]
[Date "2023.03.04"]
[Round "4"]
[White "GARROW, JOSHUA:jgarrow4924"]
[Black "ASKEW, GEORGE:BlueStorm"]
[Result "1-0"]
[ICCResult "Black checkmated"]
[WhiteElo "1079"]
[BlackElo "1322"]
[Opening "Queen's pawn"]
[ECO "A40"]
[NIC "QO.17"]
[Time "17:46:04"]
[PlyCount "39"]
[TimeControl "2400+10"]

1. d4 c6 2. Bf4 d5 3. e3 Bf5 4. c4 e6 5. Qb3 Qb6 6. c5 Qxb3 7. axb3 Nf6 8.
Nc3 Be7 9. Bxb8 Rxb8 10. Rxa7 O-O 11. Nf3 Rfd8 12. Be2 Ne8 13. O-O Kf8 14.
b4 b6 15. Ne5 Rdc8 16. Nd7+ Kg8 17. Nxb8 Rxb8 18. Rxe7 bxc5 19. bxc5 Rxb2
20. Rxe8# {Black checkmated} 1-0

[Event "ICC tourney 3138 (40 10)"]
[Site "Internet Chess Club"]
[Date "2023.03.04"]
[Round "4"]
[White "John Francis Kennedy, Kevin Andrew:KevinAndrewJFK"]
[Black "SIMO, AARON L:WhereBklnAt"]
[Result "0-1"]
[ICCResult "White checkmated"]
[WhiteElo "970"]
[BlackElo "1496"]
[Opening "Sicilian: Alapin's variation (2.c3)"]
[ECO "B22"]
[NIC "SI.47"]
[Time "17:45:50"]
[PlyCount "56"]
[TimeControl "2400+10"]

1. e4 c5 2. c3 Nf6 3. e5 Nd5 4. d4 cxd4 5. cxd4 Nc6 6. Nf3 d6 7. exd6 Qxd6
8. Nc3 Bg4 9. Be2 e6 10. Nxd5 Qxd5 11. Be3 Bb4+ 12. Bd2 O-O 13. Bxb4 Nxb4
14. O-O Rfd8 15. Qd2 Nc6 16. h3 Bxf3 17. Bxf3 Qxd4 18. Qxd4 Nxd4 19. Bxb7
Rab8 20. Ba6 Rxb2 21. Rfd1 e5 22. Rac1 Rxa2 23. Bc4 Rb2 24. Bf1 a5 25. f4 f6
26. g4 a4 27. g5 Nf3+ 28. Kh1 Rh2# {White checkmated} 0-1

[Event "ICC tourney 3138 (40 10)"]
[Site "Internet Chess Club"]
[Date "2023.03.04"]
[Round "4"]
[White "ANGEL, BORYS:BArkadia"]
[Black "VUYYURU, SHRIYAN:loudcertainlava"]
[Result "0-1"]
[ICCResult "White resigns"]
[WhiteElo "1399"]
[BlackElo "1421"]
[Opening "French: advance variation"]
[ECO "C02"]
[NIC "FR.03"]
[Time "17:45:48"]
[PlyCount "66"]
[TimeControl "2400+10"]

1. e4 e6 2. d4 d5 3. e5 c5 4. c3 Nc6 5. Be3 Bd7 6. f4 Qb6 7. Qd2 cxd4 8.
cxd4 Bb4 9. Nc3 Nge7 10. Nf3 Nf5 11. Bf2 Rc8 12. a3 Bxc3 13. bxc3 Na5 14.
Qc2 Qb3 15. Rc1 Ba4 16. Qxb3 Nxb3 17. Rb1 Rxc3 18. Be2 O-O 19. g4 Ne3 20.
Nd2 Nxd4 21. Nf3 Nxf3+ 22. Bxf3 Nc2+ 23. Ke2 Nxa3 24. Rxb7 Bb5+ 25. Kd1 Rxf3
26. Bc5 Ba4+ 27. Ke2 Rxf4 28. Bxf8 Kxf8 29. Rc1 Re4+ 30. Kf3 Nc4 31. Rxa7
Nxe5+ 32. Kf2 Nd3+ 33. Kf3 Nxc1 {White resigns} 0-1

[Event "ICC tourney 3138 (40 10)"]
[Site "Internet Chess Club"]
[Date "2023.03.04"]
[Round "4"]
[White "JAIN, ISHAAN:ishaanj"]
[Black "GAW, ZACHARY:zman-g"]
[Result "1-0"]
[ICCResult "Black checkmated"]
[WhiteElo "903"]
[BlackElo "972"]
[Opening "Giuoco Pianissimo"]
[ECO "C50"]
[NIC "IG.02"]
[Time "17:45:07"]
[PlyCount "117"]
[TimeControl "2400+10"]

1. e4 e5 2. Nf3 Nc6 3. Bc4 Bc5 4. d3 h6 5. O-O d6 6. c3 Nf6 7. d4 exd4 8.
cxd4 Bb6 9. Bb5 Bd7 10. e5 dxe5 11. dxe5 Ne4 12. Qe2 Nc5 13. Rd1 Ne7 14. b4
Bxb5 15. Rxd8+ Rxd8 16. Qxb5+ c6 17. Qe2 Nd3 18. Be3 Bxe3 19. fxe3 Nc1 20.
Qf1 Nd3 21. Nc3 Nxb4 22. Rd1 Ned5 23. Nxd5 Rxd5 24. Rxd5 cxd5 25. Qb5+ Nc6
26. Qxb7 Nd8 27. Qxd5 O-O 28. Nd4 g6 29. e6 fxe6 30. Nxe6 Nxe6 31. Qxe6+ Kg7
32. Qe7+ Rf7 33. Qe5+ Kg8 34. Qg3 Kh7 35. e4 Re7 36. e5 Kg7 37. Qe3 Kh7 38.
e6 Kg7 39. g4 g5 40. Qe5+ Kg8 41. Qf6 Rb7 42. e7 Rb8 43. Qg6+ Kh8 44. e8=Q+
Rxe8 45. Qxe8+ Kg7 46. Qe7+ Kg6 47. Qxa7 Kf6 48. Qb6+ Ke7 49. Qxh6 Kd7 50.
Qxg5 Ke6 51. Qh6+ Ke7 52. g5 Kd7 53. g6 Ke6 54. g7+ Kd5 55. g8=Q+ Ke4 56.
Qg4+ Kd3 57. Qhh3+ Kd2 58. Qd4+ Ke2 59. Qhe3# {Black checkmated} 1-0

[Event "ICC tourney 3138 (40 10)"]
[Site "Internet Chess Club"]
[Date "2023.03.04"]
[Round "4"]
[White "HAMLETT, JAMES MORRISON:Hamlett144"]
[Black "Raczko, Olivia:olivia1407"]
[Result "1-0"]
[ICCResult "Black checkmated"]
[WhiteElo "1200"]
[BlackElo "649"]
[Opening "Sicilian: Grand Prix attack"]
[ECO "B23"]
[NIC "SI.44"]
[Time "17:46:04"]
[PlyCount "89"]
[TimeControl "2400+10"]

1. e4 c5 2. Nc3 Nc6 3. f4 d6 4. Nf3 Nf6 5. Bc4 Bd7 6. Ng5 e6 7. f5 Be7 8.
fxe6 Bxe6 9. Bxe6 fxe6 10. Nxe6 Qd7 11. Nxg7+ Kd8 12. Nf5 Bf8 13. d3 Rg8 14.
Rg1 Kc7 15. Bf4 Re8 16. Nb5+ Kc8 17. Nbxd6+ Bxd6 18. Nxd6+ Kd8 19. Nxe8 Qxe8
20. c3 Nd5 21. Qd2 Nxf4 22. Qxf4 b6 23. O-O-O Qf8 24. Qxf8+ Rxf8 25. Rdf1
Rxf1+ 26. Rxf1 Ne5 27. Kd2 Ke7 28. h3 a6 29. Rf5 Ke6 30. Rh5 Kf6 31. Rxh7
Kg6 32. Rb7 b5 33. Rb6+ Kh5 34. Rxa6 Kh4 35. Ra5 b4 36. Rxc5 bxc3+ 37. bxc3
Ng6 38. a4 Ne7 39. a5 Ng6 40. a6 Nf4 41. a7 Nxg2 42. a8=Q Kxh3 43. Qg8 Nh4
44. Rh5 Kh2 45. Rxh4# {Black checkmated} 1-0

[Event "ICC tourney 3138 (40 10)"]
[Site "Internet Chess Club"]
[Date "2023.03.04"]
[Round "4"]
[White "KINKUS, SAM E:Grandslam34"]
[Black "Yan, Rayna:K01-30157975"]
[Result "0-1"]
[ICCResult "White resigns"]
[WhiteElo "744"]
[BlackElo "1032"]
[Opening "Ruy Lopez: Anderssen variation"]
[ECO "C77"]
[NIC "RL.12"]
[Time "17:45:18"]
[PlyCount "54"]
[TimeControl "2400+10"]

1. e4 e5 2. Nf3 Nc6 3. Bb5 a6 4. Ba4 Nf6 5. d3 b5 6. Bb3 Be7 7. c3 O-O 8.
O-O d6 9. h3 Bb7 10. Re1 Nb8 11. Bg5 Nbd7 12. Nbd2 h6 13. Bh4 c5 14. c4 Re8
15. a4 b4 16. a5 Nb8 17. Ba4 Bc6 18. Nb3 Bxa4 19. Rxa4 Nc6 20. Qe2 Qd7 21.
Raa1 Qc7 22. Qd1 Nh7 23. Bxe7 Nxe7 24. Nh4 Qd8 25. Qf3 g6 26. Nd2 Nc6 27.
Nb3 Qxh4 {White resigns} 0-1

[Event "ICC tourney 3138 (40 10)"]
[Site "Internet Chess Club"]
[Date "2023.03.04"]
[Round "4"]
[White "Ledas, Armandas:ArmandasLedas"]
[Black "Schwartz, Douglas S:Douglas1"]
[Result "1-0"]
[ICCResult "Black resigns"]
[WhiteElo "1479"]
[BlackElo "1397"]
[Opening "Sicilian: Alapin's variation (2.c3)"]
[ECO "B22"]
[NIC "SI.46"]
[Time "17:45:17"]
[PlyCount "45"]
[TimeControl "2400+10"]

1. e4 c5 2. c3 d5 3. exd5 Qxd5 4. d4 e6 5. Nf3 Nc6 6. Be3 cxd4 7. cxd4 Nf6
8. Nc3 Qd8 9. Bc4 Be7 10. O-O O-O 11. a3 a6 12. Qc2 Qc7 13. Rad1 Rd8 14. d5
exd5 15. Nxd5 Nxd5 16. Bxd5 Bf6 17. Bg5 Rd6 18. Bf4 Be7 19. Rfe1 Qa5 20.
Bxd6 Bxd6 21. Bxc6 bxc6 22. Re8+ Bf8 23. Rdd8 {Black resigns} 1-0